 Dungeon Crawl Stone Soup version 0.21.1-1-g345015f (webtiles) character file.

664 Mesmaeker13 the Chiller (level 7, 0/41 HPs)
             Began as an Octopode Ice Elementalist on June 10, 2018.
             Slain by an ogre
             ... wielding a +0 giant spiked club
              (11 damage)
             ... on level 3 of the Dungeon on June 11, 2018.
             The game lasted 00:11:24 (6018 turns).

Mesmaeker13 the Chiller (Octopode Ice Elementalist) Turns: 6018, Time: 00:11:25

Health: 0/41       AC:  7    Str:  7    XL:     7   Next: 57%
Magic:  4/10       EV: 15    Int: 19    God:
Gold:   225        SH:  0    Dex: 13    Spells: 0/10 levels left

rFire    . . .     SeeInvis .   l - +3 hunting sling
rCold    . . .     Gourm    .   (no shield)
rNeg     . . .     Faith    .   (helmet restricted)
rPois    +         Spirit   .   (no amulet)
rElec    .         Reflect  .   e - ring of protection from magic
rCorr    .         Harm     .   f - ring of poison resistance
MR       +....                  (no ring)
Stlth    +++.......             (no ring)
HPRegen  0.13/turn              (no ring)
MPRegen  0.12/turn              (no ring)
                                (no ring)
                                (no ring)

@: icy armour, slow
A: almost no armour, stealthy swim, amphibious, 8 rings, constrict 8, camouflage
1, gelatinous body 1
a: no special abilities


You were on level 3 of the Dungeon.
You were not hungry.

You visited 1 branch of the dungeon, and saw 4 of its levels.

You collected 225 gold pieces.

Inventory:

Hand Weapons
 d - a +0 rapier
 l - a +3 hunting sling (weapon)
Missiles
 g - 24 sling bullets (quivered)
Jewellery
 e - a ring of protection from magic (left tentacle)
 f - a ring of poison resistance (right tentacle)
Wands
 p - a wand of enslavement (2)
Scrolls
 c - a scroll of enchant armour {unknown}
 j - 2 scrolls of fear {unknown}
 k - a scroll of teleportation
 q - a scroll of blinking {unknown}
 r - a scroll of amnesia {unknown}
 u - 2 scrolls of identify {unknown}
Potions
 h - 3 potions of curing {unknown}
 i - 2 potions of might {unknown}
 m - a potion of resistance {unknown}
 n - 2 potions of heal wounds {unknown}
 s - a potion of mutation {unknown}
 t - a potion of flight {unknown}
Books
 a - a book of Frost

   Spells                             Type                      Level
   a - Freeze                         Ice                          1
   b - Throw Frost                    Conjuration/Ice              2
   c - Ozocubu's Armour               Charms/Ice                   3
   d - Throw Icicle                   Conjuration/Ice              4
   e - Summon Ice Beast               Ice/Summoning                4
Comestibles
 b - 6 rations


   Skills:
 + Level 5.1 Dodging
 - Level 2.6 Stealth
 - Level 2.0 Spellcasting
 - Level 2.0 Conjurations
 - Level 3.0 Charms
 + Level 1.5 Summonings
 + Level 5.6 Ice Magic


You couldn't memorise any spells.
You knew the following spells:

 Your Spells              Type           Power        Failure   Level  Hunger
a - Freeze                Ice            ###.         1%          1    #......
b - Throw Frost           Conj/Ice       ###...       5%          2    ###....
c - Ozocubu's Armour      Chrm/Ice       ###.....     9%          3    ###....
d - Summon Ice Beast      Ice/Summ       ###.....     36%         4    #####..


Dungeon Overview and Level Annotations

Branches:
Dungeon (4/15)
 Temple: D:4-7

Altars:
Cheibriados
Gozag
Makhleb
Wu Jian
Zin

Annotations:
D:2 1 exclusion
D:3 Grinder


Innate Abilities, Weirdness & Mutations

You cannot wear most types of armour.
You are very stealthy in the water. (Stealth+)
You are amphibious.
You can wear up to eight rings at the same time.
You can use your tentacles to constrict eight enemies at once.
Your skin changes colour to match your surroundings (Stealth+).
Your rubbery body absorbs attacks. (AC +1, EV +1)


Message History

You start resting.
Magic restored.
Casting: Summon Ice Beast
Confirm with . or Enter, or press ? or * to list all spells.
A film of ice covers your body!
There is a stone staircase leading down here.
You climb downwards.
Level annotation: Grinder The ogre hits you with a giant spiked club!!
The ogre hits you with a giant spiked club!
* * * LOW HITPOINT WARNING * * *
There is a stone staircase leading up, spattered with blood here.
Unknown command.
Casting: Ozocubu's Armour
Confirm with . or Enter, or press ? or * to list all spells.
A chill wind blows around you.
Your ice beast hits the ogre.
Your ice beast freezes the ogre!
Your ice beast hits the ogre.
Your ice beast freezes the ogre.
The ogre hits you with a giant spiked club!
You die...

#..###.#..................##.....
##.....###.#####...............).
#####.............####.####.)....
.## ##..>.........##.....##......
.# ##.#####.....#.......#......
.## ##..###......#.......#......
..# #............[..._..........
.## #[...........#.......#......
.#####).........@.#.......#......
....)..........YO.##.....##......
#.##...###..#.....####.####......
.......>......<..................
#P##.............................
#.P##....[.......................
_...#.....................##....(
....#........)..............<....
_.⌠.'..............#######.#.....


You could see an ogre and a friendly ice beast.

Vanquished Creatures
  Sigmund (D:3)
  2 ogres
  A howler monkey (D:4)
  2 jellies (D:2)
  An orc wizard (D:3)
  A worker ant (D:4)
  A worker ant zombie (D:4)
  A howler monkey skeleton (D:4)
  3 adders (D:3)
  7 oozes
  An adder zombie (D:4)
  2 worms (D:3)
  A dart slug (D:1)
  A leopard gecko (D:1)
  5 orcs
  A ball python (D:4)
  7 bats
  3 giant cockroaches
  9 goblins
  7 hobgoblins
  10 jackals
  16 kobolds
  A quokka (D:3)
  3 frilled lizards
  2 leopard gecko zombies (D:4)
  7 rats
96 creatures vanquished.

Vanquished Creatures (collateral kills)
  A bullfrog zombie (D:4)
  An adder (D:4)
  A leopard gecko (D:4)
3 creatures vanquished.

Vanquished Creatures (others)
  An adder (D:3)
  7 fungi (D:2)
  9 toadstools (D:2)
17 creatures vanquished.

Grand Total: 116 creatures vanquished

Notes
Turn   | Place    | Note
-------+----------+-------------------------------------------
     0 | D:1      | Mesmaeker13 the Octopode Ice Elementalist began the quest for the Orb.
     0 | D:1      | Reached XP level 1. HP: 11/11 MP: 3/3
   234 | D:1      | Reached XP level 2. HP: 17/17 MP: 0/5
   941 | D:1      | Reached XP level 3. HP: 21/21 MP: 4/6
   949 | D:1      | Learned a level 2 spell: Throw Frost
  1300 | D:2      | Found an opulent altar of Gozag.
  2206 | D:2      | Reached XP level 4. HP: 11/27 MP: 3/7
  2808 | D:3      | Learned a level 3 spell: Ozocubu's Armour
  2922 | D:3      | Noticed Sigmund
  3170 | D:3      | Found an ornate altar of the Wu Jian Council.
  3170 | D:3      | Found a snail-covered altar of Cheibriados.
  3448 | D:3      | Found a burning altar of Makhleb.
  3902 | D:3      | Reached XP level 5. HP: 31/31 MP: 4/8
  4117 | D:3      | Noticed Grinder
  4255 | D:3      | Reached skill level 1 in Charms
  4371 | D:3      | Found a glowing silver altar of Zin.
  4391 | D:3      | Killed Sigmund
  4391 | D:3      | Reached XP level 6. HP: 25/36 MP: 3/9
  4836 | D:2      | Reached skill level 5 in Ice Magic
  5007 | D:4      | Reached XP level 7. HP: 17/41 MP: 5/10
  5421 | D:4      | Learned a level 4 spell: Summon Ice Beast
  5485 | D:3      | Reached skill level 5 in Dodging
  5485 | D:3      | Reached skill level 1 in Summonings
  6018 | D:3      | Slain by an ogre

Skill      XL: |  1  2  3  4  5  6  7 |
---------------+----------------------+-----
Dodging        | 3 4 5 |  5.1
Ice Magic      | 4 5 |  5.6
Conjurations   | 2 |  2.0
Charms         | 2 3 |  3.0
Summonings     | 1 |  1.5
Stealth        | |  2.6
Spellcasting   | |  2.0

Action                   |  1- 3 |  4- 6 |  7- 9 || total
-------------------------+-------+-------+-------++-------
Melee: Unarmed           |    15 |       |       ||    15
       Constrict         |    13 |    18 |     9 ||    40
       Tentacles         |     4 |    11 |     7 ||    22
       Dagger            |    44 |    66 |    20 ||   130
       Rapier            |       |       |    11 ||    11
 Fire: Hunting sling     |       |       |     2 ||     2
 Cast: Freeze            |    40 |    50 |    22 ||   112
       Ozocubu's Armour  |       |     1 |     4 ||     5
       Throw Frost       |       |     2 |     7 ||     9
       Summon Ice Beast  |       |       |     4 ||     4
Evoke: Wand              |       |     4 |     4 ||     8
  Use: Scroll            |       |     3 |       ||     3
 Stab: Distracted        |     1 |       |       ||     1
       Sleeping          |     5 |     4 |       ||     9
       Paralysed         |       |     4 |       ||     4
  Eat: Chunk             |     4 |     9 |     3 ||    16
       Ration            |       |       |     1 ||     1
Armor: Skin              |     5 |    16 |     5 ||    26
Dodge: Dodged            |    59 |    64 |    45 ||   168
